Unix NetHack Version 5.0.0-0 post-release - last build May  4 2026 22:22:43 (774f63e81ad911689b3a0859ea89b322d5daca8d,branch:main).

Game began 2026-05-06 12:47:46, ended 2026-05-06 15:50:38.

DiePARTEI, lawful male human Monk

                                                  --------
                                                 #......<|
                                                 #|......|
                                                 #--------
                                                 ###
                           1                       #
                                                   #
                                                   #
                                                   #
                                                   #
                                                   #
                         ------                    ##
                         |....|             --------#
                       1#f.....#############.......|#
                         |@)..|             |.......#
                         ------             |......|
                                            |....._|
                                            --------

DiePARTEI the Student of Stones  St:17 Dx:17 Co:17 In:9 Wi:14 Ch:12  Lawful
Dlvl:10 $:21 HP:0(87) Pw:61(61) AC:3  Xp:11 T:22804  Fainted  Burdened Deaf

Latest messages:
 You find a hidden door.
 You faint from lack of food.
 You regain consciousness.
 This door is locked.
 Unlock it with your key? [ynq] (q) y
 You succeed in unlocking the door.
 KABOOM!!  The door was booby-trapped!
 You stagger...
 You faint from lack of food.
 You regain consciousness.
 You can hear again.
 You see here a fizzy potion.
 You have a little trouble lifting L - a fizzy potion.
 What do you want to drink? [L or ?*] L
 This tastes like slime mold juice.
 Call a fizzy potion: juice2
 Drink from the fountain? [yn] (n) y
 The cool draught refreshes you.
 The fountain dries up!
 You hear a door open.
 You faint from lack of food.
 The large cat bites!
 The large cat bites!
 The large cat bites!
 The large cat bites!
 You regain consciousness.
 The large cat bites!
 You hit the large cat!
 The large cat bites!
 You hit the large cat!
 The large cat bites!
 You hit the large cat!
 You faint from lack of food.
 The large cat bites!
 The large cat bites!
 The large cat bites!
 The large cat bites!
 The large cat bites!
 The large cat bites!
 The large cat bites!
 The large cat bites!
 The large cat bites!
 The large cat bites!
 The large cat bites!
 You die...
 Do you want your possessions identified? [ynq] (y) y
 Do you want to see your attributes? [ynq] (y) y
 Do you want an account of creatures vanquished? [ynaq] (y) y
 Do you want to see your conduct and achievements? [ynq] (y) y
 Do you want to see the dungeon overview? [ynq] (y) y

Inventory:
 Coins    ('$')
  $ - 21 gold pieces
 Weapons  (')')
  W - 9 +0 daggers (at the ready)
 Armor    ('[')
  h - an uncursed +0 pair of water walking boots (being worn)
  n - an uncursed +3 small shield (being worn)
  b - an uncursed rotted +1 robe (being worn)
 Scrolls  ('?')
  f - a blessed scroll of blank paper
  e - an uncursed scroll of blank paper
  z - an uncursed scroll of earth
 Spellbooks  ('+')
  E - an uncursed spellbook of cone of cold
 Rings    ('=')
  B - an uncursed ring of cold resistance
  x - an uncursed ring of conflict
  v - an uncursed ring of fire resistance
  k - a cursed ring of fire resistance
  F - an uncursed ring of protection from shape changers
 Wands    ('/')
  H - a wand of digging (0:6)
  I - a wand of magic missile (0:8)
  U - a wand of sleep (0:8)
  A - a wand of speed monster (0:3)
  r - a wand of teleportation (0:0)
 Tools    ('(')
  s - an uncursed sack containing 41 items
  q - an uncursed mirror
  C - an uncursed oil lamp
  K - a cursed skeleton key
  j - an uncursed stethoscope
 Gems/Stones  ('*')
  Z - 2 uncursed amethyst stones
  S - 2 uncursed diamonds
  D - 2 uncursed garnet stones
  M - 2 cursed jade stones
  O - an uncursed jasper stone
  m - 2 uncursed rubies
  G - 2 uncursed sapphires
  T - 2 uncursed topaz stones
  X - 3 uncursed worthless pieces of orange glass
  p - an uncursed worthless piece of yellow glass
  V - 2 cursed worthless pieces of yellow glass
  J - an uncursed luckstone

Contents of the sack:
  1210 gold pieces
  a cursed amulet of restful sleep
  an uncursed +0 dunce cap
  a cursed +0 pair of levitation boots
  3 uncursed scrolls of confuse monster
  a cursed scroll of create monster
  an uncursed scroll of destroy armor
  a cursed scroll of destroy armor
  3 uncursed scrolls of enchant armor
  an uncursed scroll of enchant weapon
  an uncursed scroll of food detection
  an uncursed scroll of genocide
  2 uncursed scrolls of light
  an uncursed scroll of magic mapping
  a cursed scroll of magic mapping
  a cursed scroll of remove curse
  2 uncursed scrolls of taming
  a blessed scroll of teleportation
  3 uncursed scrolls of teleportation
  2 cursed scrolls of teleportation
  an uncursed spellbook of create familiar
  a blessed spellbook of protection
  a cursed potion of confusion
  a cursed potion of hallucination
  a blessed potion of levitation
  2 uncursed potions of levitation
  2 uncursed potions of object detection
  a cursed potion of object detection
  an uncursed potion of speed
  an uncursed potion of water
  2 uncursed potions of water
  a cursed ring of polymorph
  an uncursed ring of protection from shape changers
  a cursed wand of digging (0:4)
  a blessed wand of make invisible (0:0)
  a cursed wand of sleep (0:2)
  a +0 pick-axe
  a cursed stethoscope
  an uncursed tallow candle
  a cursed garnet stone
  4 uncursed worthless pieces of yellowish brown glass

DiePARTEI the Monk's attributes:

Background:
 You were a Student of Stones, a level 11 male human Monk.
 You were lawful, on a mission for Shan Lai Ching
 who was opposed by Chih Sung-tzu (neutral) and Huan Ti (chaotic).
 You were right-handed.
 You were in the Dungeons of Doom, on level 10.
 You entered the dungeon 22804 turns ago.
 You had 10587 experience points, 9413 more were needed to attain level 12.

Basics:
 You had 0 out of 87 hit points.
 You had all 61 energy points (spell power).
 Your armor class was 3.
 Your wallet contained 21 zorkmids, and
 you had 1210 more stashed away in your pack.
 Autopickup was off.

Final Characteristics:
 Your strength was 17 (base:18, limit:18/100).
 Your dexterity was 17 (limit:18).
 Your constitution was 17 (limit:18).
 Your intelligence was 9 (limit:18).
 Your wisdom was 14 (limit:18).
 Your charisma was 12 (limit:18).

Final Status:
 You were deaf.
 You were fainted due to starvation.
 You were burdened; movement was slightly slowed.
 You were bare handed.
 You had master skill with martial arts and could have enhanced that.

Final Attributes:
 You were piously aligned.
 You were fire resistant.
 You were sleep resistant.
 You were poison resistant.
 You saw invisible.
 You were telepathic.
 You were warned.
 You had automatic searching.
 You were stealthy.
 You could walk on water.
 You were guarded.
 Your spell casting was enhanced by wearing a robe.
 You were fast.
 You had extra luck.
 Bad luck did not time out for you.
 Good luck did not time out for you.
 Shan Lai Ching was angry with you.
 You are dead.

Miscellaneous:
 You encountered 1 bones level.
 Total elapsed playing time was 3 hours, 2 minutes and 51 seconds.

Major events:
 Turn
    1: DiePARTEI the lawful male human Monk entered the dungeon
  828: attained the rank of Novice (level 3)
 3039: was bestowed with Trollsbane by Shan Lai Ching
 5528: entered the Gnomish Mines
 5808: attained the rank of Initiate (level 6)
 6125: reached Mine Town
 7975: was bestowed with Ogresmasher by Shan Lai Ching
15272: attained the rank of Student of Stones (level 10)
15773: entered Sokoban
16115: completed 1st Sokoban level
16873: completed 2nd Sokoban level
17236: completed 3rd Sokoban level
18061: completed 4th Sokoban level
18265: acquired the Sokoban amulet of reflection
19957: acquired the Mines' End luckstone
22804: killed by a large cat, while fainted from lack of food

Spells:
 Name                 Level Category     Fail Retention
 protection             1   clerical       0%    (gone)
 magic mapping          5   divination    90%   51%-75%
 confuse monster        1   enchantment    0%   51%-75%
 cone of cold           4   attack        90%  76%-100%

Skills:
 Fighting Skills
   martial arts       [Master]
 Weapon Skills
   morning star       [Unskilled]
   hammer             [Unskilled]
   quarterstaff       [Unskilled]
   spear              [Unskilled]
   crossbow           [Unskilled]
   shuriken           [Unskilled]
 Spellcasting Skills
   attack spells      [Unskilled]
   healing spells     [Basic]
   divination spells  [Unskilled]
   enchantment spells [Unskilled]
   clerical spells    [Basic]
   escape spells      [Unskilled]
   matter spells      [Unskilled]

Voluntary challenges:
 Character rerolling was not enabled.
 You never genocided any monsters.
 You never polymorphed an object.
 You used no wishes.
 You violated the special Sokoban rules once.
Achievements:
 You attained the rank of Novice.
 You entered the Gnomish Mines.
 You attained the rank of Initiate.
 You entered Minetown.
 You entered a temple.
 You entered a shop.
 You attained the rank of Student of Stones.
 You entered Sokoban.
 You completed Sokoban.
 You completed the Gnomish Mines.

 The Dungeons of Doom: levels 1 to 10
    Level 1:
       An altar to Shan Lai Ching, a fountain.
    Level 2: "minestotheleft"
       An altar, a fountain.
       Stairs down to The Gnomish Mines.
    Level 3:
       A grave.
    Level 4:
       A potion shop.
    Level 5:
       A fountain.
    Level 6:
       A general store, a fountain, a grave.
    Level 7:
       An altar to Shan Lai Ching, some fountains.
    Level 8:
       Many fountains.
       Oracle of Delphi.
    Level 9:
       A fountain, a sink.
       Stairs up to Sokoban, level 8.
    Level 10: <- You were here.
       An altar.
       Final resting place for
          you, killed by a large cat, while fainted from lack of food.
 The Gnomish Mines: levels 3 to 10
    Level 3:
    Level 4:
    Level 5:
    Level 6:
       Many shops, a temple and an altar, some fountains, a sink, some graves.
       Final resting place for
          DiePARTEI-Val-Dwa-Fem-Law, killed by a death ray,
          levoittiel-Bar-Orc-Fem-Cha, killed by a death ray, while dragging an iron ball.
    Level 7:
    Level 8:
    Level 9:
    Level 10:
 Sokoban: levels 8 up to 5
    Level 5:
       Solved.
    Level 6:
       Solved.
    Level 7:
       Solved.
    Level 8:
       Solved.


Vanquished creatures:
  a black pudding
  2 ghosts
  2 giant mimics
 an umber hulk
  a couatl
  a stalker
  a giant mummy
  8 small mimics
 an ogre leader
  a quantum mechanic
  a gelatinous cube
  a large dog
  a freezing sphere
  2 shocking spheres
  a tiger
  a gargoyle
  a dwarf ruler
 an ochre jelly
  a leocrotta
 an elf mummy
  a wraith
 an ettin zombie
  2 Grey-elves
 an amorous demon
  a giant beetle
  a quivering blob
  2 cockatrices
  4 lynxes
  a gremlin
  4 leprechauns
  2 orc-captains
  2 iron piercers
  2 mumakil
  a giant spider
  a scorpion
  2 gnome rulers
 an orc mummy
  2 dwarf mummies
  a brown pudding
  2 owlbears
  6 lizards
  a dingo
  2 housecats
  2 gray unicorns
  a dust vortex
  a raven
  a gnome mummy
  a snake
  2 apes
  4 human zombies
  a soldier ant
  2 bugbears
  2 imps
  a quasit
  3 wood nymphs
  a water nymph
  a mountain nymph
  a Mordor orc
  7 rock piercers
  2 rock moles
  5 ponies
  2 fog clouds
  5 yellow lights
  4 shriekers
 19 gnome leaders
  5 gnomish wizards
  2 kobold mummies
  a golden naga hatchling
 an elf zombie
  a straw golem
  a paper golem
 16 giant ants
  3 little dogs
  9 floating eyes
  4 kittens
  5 dwarves
  2 homunculi
  4 kobold leaders
  4 kobold shamans
  6 hill orcs
 15 rothes
  3 rabid rats
  5 giant bats
  2 monkeys
  6 orc zombies
  a dwarf zombie
  a wererat
  a werejackal
  4 iguanas
 12 killer bees
  6 acid blobs
  6 coyotes
  3 gas spores
  a hobbit
  8 manes
  6 large kobolds
  8 hobgoblins
  5 giant rats
 10 cave spiders
  6 yellow molds
  3 green molds
  2 red molds
 61 gnomes
  2 gnome zombies
 13 geckos
 32 jackals
  3 foxes
  6 kobolds
  7 goblins
  4 sewer rats
 16 grid bugs
  3 bats
  9 lichens
  9 kobold zombies
 17 newts
501 creatures vanquished.

No species were genocided or became extinct.

Game over:
                       ----------
                      /          \
                     /    REST    \
                    /      IN      \
                   /     PEACE      \
                  /                  \
                  |    DiePARTEI     |
                  |     1231 Au      |
                  |   killed by a    |
                  |    large cat     |
                  |                  |
                  |                  |
                  |       2026       |
                 *|     *  *  *      | *
        _________)/\\_//(\/(/\)/\//\/|_)_______

Goodbye DiePARTEI the Monk...

You died in The Dungeons of Doom on dungeon level 10 with 31126 points,
and 1231 pieces of gold, after 22804 moves.
You were level 11 with a maximum of 87 hit points when you died.

